| TOP OF THE 1ST |
|
Williamsport Crosscutters batting - Pitching for Brooklyn Cyclones : RHP Ryan Stegall
|
|
Pitching: RHP Ryan Stegall
|
|
|
Batting: RHB Robby Adair
|
0-0: Ball 1-0: Ball 2-0: Called Strike 2-1: Ball 3-1: Foul Ball, location: 2F 3-2: Strikes out looking
|
|
Batting: RHB Josh Mauer
|
0-0: Swinging Strike 0-1: Swinging Strike 0-2: Fly out, F8 (Flyball, 8RD, EV 105.6 MPH)
|
|
Batting: LHB Matt Calitri
|
0-0: Ball 1-0: Ball 2-0: Ball 3-0: Called Strike 3-1: SINGLE (Groundball, 4M, EV 98.1 MPH) (infield hit)
|
|
Batting: RHB Josh Baker
|
0-0: Ball 1-0: Fly out, F5 (Line Drive, 5, EV 75.6 MPH)
|
| Top of the 1st over - 0 runs, 1 hit, 0 errors, 1 left on base; Williamsport 0 - Brooklyn 0 |
| BOTTOM OF THE 1ST |
|
Brooklyn Cyclones batting - Pitching for Williamsport Crosscutters : RHP Josh Thorne
|
|
Pitching: RHP Josh Thorne
|
|
|
Batting: RHB Darwin Mills
|
0-0: Swinging Strike 0-1: Fly out, F7 (Line Drive, 7S, EV 91.2 MPH)
|
|
Batting: RHB Mike Mathews
|
0-0: Swinging Strike 0-1: Ball 1-1: Ball 2-1: Foul Ball, location: 2F 2-2: Strikes out swinging, 2-3 out at first.
|
|
Batting: SHB Harrison Feist
|
0-0: Called Strike 0-1: Ball 1-1: Foul Ball, location: 2F 1-2: Ball 2-2: Ball 3-2: Strikes out swinging
|
| Bottom of the 1st over - 0 runs, 0 hits, 0 errors, 0 left on base; Williamsport 0 - Brooklyn 0 |
| TOP OF THE 2ND |
|
Williamsport Crosscutters batting - Pitching for Brooklyn Cyclones : RHP Ryan Stegall
|
|
Batting: RHB Bryan Alfaro
|
0-0: Ball 1-0: Called Strike 1-1: Ball 2-1: Foul Ball, location: 2F 2-2: Foul Ball, location: 2F 2-2: Ground out 6-3 (Groundball, 6, EV 100.6 MPH)
|
|
Batting: RHB Phil Knox
|
0-0: Swinging Strike 0-1: Ball 1-1: Foul Ball, location: 2F 1-2: Foul Ball, location: 2F 1-2: Ball 2-2: Ground out 5-3 (Groundball, 5L, EV 85.0 MPH)
|
|
Batting: RHB Leon Edwards
|
0-0: Ball 1-0: Ball 2-0: SINGLE (Groundball, 6MD, EV 108.8 MPH)
|
|
Batting: RHB Marcus Carter
|
0-0: Ball 1-0: Ball Leon Edwards steals 2nd base 2-0: Called Strike 2-1: Ball 3-1: Base on Balls
|
|
Batting: RHB Jake Mitchell
|
0-0: Called Strike 0-1: Foul Ball, location: 2F 0-2: Fielders Choice at 2nd, 6-4 (Groundball, 6, EV 88.1 MPH)
|
| Top of the 2nd over - 0 runs, 1 hit, 0 errors, 2 left on base; Williamsport 0 - Brooklyn 0 |
| BOTTOM OF THE 2ND |
|
Brooklyn Cyclones batting - Pitching for Williamsport Crosscutters : RHP Josh Thorne
|
|
Batting: RHB Matt Tittle
|
0-0: Ball 1-0: Foul Ball, location: 2F 1-1: Ball 2-1: Called Strike 2-2: Foul Ball, location: 2F 2-2: Ball 3-2: Strikes out looking
|
|
Batting: RHB Mike Patterson
|
0-0: Ball 1-0: Foul Ball, location: 2F 1-1: Foul Ball, location: 2F 1-2: Strikes out swinging
|
|
Batting: RHB Marvin Merino
|
0-0: Called Strike 0-1: Fly out, F9 (Flyball, 9LS, EV 85.6 MPH)
|
| Bottom of the 2nd over - 0 runs, 0 hits, 0 errors, 0 left on base; Williamsport 0 - Brooklyn 0 |
| TOP OF THE 3RD |
|
Williamsport Crosscutters batting - Pitching for Brooklyn Cyclones : RHP Ryan Stegall
|
|
Batting: RHB Robby Adair
|
0-0: Foul Ball, location: 2F 0-1: Ball 1-1: Swinging Strike 1-2: Ball 2-2: Foul Ball, location: 2F 2-2: Strikes out looking
|
|
Pitching: RHP Adrian Colorado
|
|
|
Batting: RHB Josh Mauer
|
0-0: Ball 1-0: Swinging Strike 1-1: Foul Ball, location: 2F 1-2: Ball 2-2: Strikes out swinging
|
|
Batting: LHB Matt Calitri
|
0-0: Ball 1-0: Called Strike 1-1: Foul Ball, location: 2F 1-2: Strikes out swinging
|
| Top of the 3rd over - 0 runs, 0 hits, 0 errors, 0 left on base; Williamsport 0 - Brooklyn 0 |
| BOTTOM OF THE 3RD |
|
Brooklyn Cyclones batting - Pitching for Williamsport Crosscutters : RHP Josh Thorne
|
|
Batting: RHB Brad Brown
|
0-0: Called Strike 0-1: Ball 1-1: Foul Ball, location: 2F 1-2: Ball 2-2: Strikes out swinging
|
|
Batting: RHB Barney Pederson
|
0-0: Foul Ball, location: 2F 0-1: Swinging Strike 0-2: Ball 1-2: Ball 2-2: Strikes out swinging
|
|
Batting: RHB Tyler Lybrand
|
0-0: Ball 1-0: Called Strike 1-1: Ball 2-1: Foul Ball, location: 2F 2-2: Foul Ball, location: 2F 2-2: Strikes out looking
|
| Bottom of the 3rd over - 0 runs, 0 hits, 0 errors, 0 left on base; Williamsport 0 - Brooklyn 0 |
| TOP OF THE 4TH |
|
Williamsport Crosscutters batting - Pitching for Brooklyn Cyclones : RHP Adrian Colorado
|
|
Batting: RHB Josh Baker
|
0-0: Ball 1-0: Foul Ball, location: 2F 1-1: Ball 2-1: SOLO HOME RUN (Line Drive, 78XD, EV 115.0 MPH), Distance : 428 ft
|
|
Batting: RHB Bryan Alfaro
|
0-0: Foul Ball, location: 2F 0-1: Ball 1-1: Foul Ball, location: 2F 1-2: Foul Ball, location: 2F 1-2: Foul Ball, location: 2F 1-2: Strikes out swinging
|
|
Pitching: RHP Danny Helm
|
|
|
Batting: RHB Phil Knox
|
0-0: Ball 1-0: Swinging Strike 1-1: Ball 2-1: Called Strike 2-2: Ball 3-2: Strikes out swinging
|
|
Batting: RHB Leon Edwards
|
0-0: Called Strike 0-1: SINGLE (Line Drive, 6MD, EV 98.8 MPH)
|
|
Batting: RHB Marcus Carter
|
0-0: Called Strike Pickoff Throw to First - Out! 1-3 CS
|
| Top of the 4th over - 1 run, 2 hits, 0 errors, 0 left on base; Williamsport 1 - Brooklyn 0 |
| BOTTOM OF THE 4TH |
|
Brooklyn Cyclones batting - Pitching for Williamsport Crosscutters : RHP Josh Thorne
|
|
Batting: RHB Darwin Mills
|
0-0: Swinging Strike 0-1: Ball 1-1: Swinging Strike 1-2: Foul Ball, location: 2F 1-2: Ball 2-2: Ground out 6-3 (Groundball, 6M, EV 101.9 MPH)
|
|
Batting: RHB Mike Mathews
|
0-0: Called Strike 0-1: Ball 1-1: Fly out, F8 (Flyball, 8RD, EV 83.8 MPH)
|
|
Batting: SHB Harrison Feist
|
0-0: Called Strike 0-1: Foul Ball, location: 2F 0-2: Foul Ball, location: 2F 0-2: Strikes out looking
|
| Bottom of the 4th over - 0 runs, 0 hits, 0 errors, 0 left on base; Williamsport 1 - Brooklyn 0 |
| TOP OF THE 5TH |
|
Williamsport Crosscutters batting - Pitching for Brooklyn Cyclones : RHP Danny Helm
|
|
Batting: RHB Marcus Carter
|
0-0: Ball 1-0: Ball 2-0: Ball 3-0: Called Strike 3-1: Base on Balls
|
|
Batting: RHB Jake Mitchell
|
0-0: Swinging Strike 0-1: Ball Marcus Carter steals 2nd base 1-1: Foul Ball, location: 2F 1-2: Foul Ball, location: 2F 1-2: Ball 2-2: Strikes out swinging
|
|
Batting: RHB Robby Adair
|
0-0: Ball 1-0: Ball Marcus Carter is caught stealing 3rd base 2-5 2-0: Ball 3-0: Base on Balls
|
|
Batting: RHB Josh Mauer
|
0-0: Ball Robby Adair steals 2nd base (no throw) 1-0: Called Strike 1-1: Ball 2-1: Ball 3-1: Foul Ball, location: 2F 3-2: Foul Ball, location: 2F 3-2: Foul Ball, location: 2F 3-2: Foul Ball, location: 2F 3-2: Base on Balls
|
|
Batting: LHB Matt Calitri
|
0-0: Ball 1-0: Called Strike 1-1: Ball 2-1: DOUBLE (Line Drive, 3D, EV 95.0 MPH) Robby Adair scores Josh Mauer to third Runner from 3rd tries for Home, SAFE, throw by RF to home
|
|
Batting: RHB Josh Baker
|
0-0: Ball 1-0: Ball 2-0: DOUBLE (Line Drive, 9LS, EV 106.2 MPH) Matt Calitri scores
|
|
Batting: RHB Bryan Alfaro
|
0-0: Ball 1-0: Ball 2-0: Ball 3-0: Called Strike 3-1: Ground out 5-3 (Groundball, 56, EV 80.0 MPH)
|
| Top of the 5th over - 3 runs, 2 hits, 0 errors, 1 left on base; Williamsport 4 - Brooklyn 0 |
| BOTTOM OF THE 5TH |
|
Brooklyn Cyclones batting - Pitching for Williamsport Crosscutters : RHP Josh Thorne
|
|
Batting: RHB Matt Tittle
|
0-0: Ball 1-0: Ball 2-0: Called Strike 2-1: Foul Ball, location: 2F 2-2: Foul Ball, location: 2F 2-2: Strikes out swinging
|
|
Batting: RHB Mike Patterson
|
0-0: Swinging Strike 0-1: Foul Ball, location: 2F 0-2: Ball 1-2: Strikes out swinging
|
|
Batting: RHB Marvin Merino
|
0-0: Foul Ball, location: 2F 0-1: Called Strike 0-2: Ball 1-2: Ball 2-2: Strikes out swinging
|
| Bottom of the 5th over - 0 runs, 0 hits, 0 errors, 0 left on base; Williamsport 4 - Brooklyn 0 |
| TOP OF THE 6TH |
|
Williamsport Crosscutters batting - Pitching for Brooklyn Cyclones : RHP Danny Helm
|
|
Batting: RHB Phil Knox
|
0-0: Ball 1-0: SINGLE (Line Drive, 8LS, EV 97.5 MPH)
|
|
Batting: RHB Leon Edwards
|
0-0: Fielders Choice at 2nd, 3-6 (Groundball, 3, EV 90.6 MPH)
|
|
Batting: RHB Marcus Carter
|
0-0: Ball 1-0: Foul Ball, location: 2F 1-1: Swinging Strike 1-2: SINGLE (Groundball, 5S, EV 70.6 MPH) (infield hit) Leon Edwards to second
|
|
Batting: RHB Jake Mitchell
|
0-0: Called Strike Leon Edwards steals 3rd base Marcus Carter to second 0-1: Called Strike 0-2: Ball 1-2: Foul Ball, location: 2F 1-2: SINGLE (Groundball, 56D, EV 101.9 MPH) Leon Edwards scores Marcus Carter to third Throwing error, E7 Marcus Carter scores Jake Mitchell to second
|
|
Batting: RHB Robby Adair
|
0-0: Ball 1-0: Ball 2-0: Ball 3-0: Base on Balls
|
|
Batting: RHB Josh Mauer
|
0-0: Ball 1-0: Foul Ball, location: 2F 1-1: Foul Ball, location: 2F 1-2: Ball 2-2: Foul Ball, location: 2F 2-2: Fielders Choice at 2nd, 6-4 (Groundball, 6, EV 85.0 MPH) Jake Mitchell to third
|
|
Batting: LHB Matt Calitri
|
0-0: Foul Ball, location: 2F 0-1: Fly out, F6 (Popup, 6, EV 50.0 MPH)
|
| Top of the 6th over - 2 runs, 3 hits, 1 error, 2 left on base; Williamsport 6 - Brooklyn 0 |
| BOTTOM OF THE 6TH |
|
Brooklyn Cyclones batting - Pitching for Williamsport Crosscutters : RHP Josh Thorne
|
|
Batting: RHB Brad Brown
|
0-0: Fly out, F4 (Popup, 4, EV 68.1 MPH)
|
|
Batting: RHB Barney Pederson
|
0-0: Called Strike 0-1: Called Strike 0-2: SINGLE (Groundball, 56S, EV 63.8 MPH) (infield hit)
|
|
Batting: RHB Tyler Lybrand
|
0-0: Bunt - Flyout to P! F1
|
|
Batting: RHB Darwin Mills
|
0-0: Foul Ball, location: 2F 0-1: Called Strike 0-2: Strikes out swinging
|
| Bottom of the 6th over - 0 runs, 1 hit, 0 errors, 1 left on base; Williamsport 6 - Brooklyn 0 |
| TOP OF THE 7TH |
|
Williamsport Crosscutters batting - Pitching for Brooklyn Cyclones : RHP Danny Helm
|
|
Batting: RHB Josh Baker
|
0-0: Called Strike 0-1: Ball 1-1: Ball 2-1: Swinging Strike 2-2: Foul Ball, location: 2F 2-2: Strikes out swinging
|
|
Batting: RHB Bryan Alfaro
|
0-0: Ball 1-0: Foul Ball, location: 2F 1-1: Swinging Strike 1-2: Ball 2-2: Foul Ball, location: 2F 2-2: Ball 3-2: Base on Balls
|
|
Batting: RHB Phil Knox
|
0-0: Ball Bryan Alfaro steals 2nd base 1-0: Ball 2-0: Called Strike 2-1: SINGLE (Flyball, 8LS, EV 100.0 MPH) Bryan Alfaro to third Throwing error, E8 Bryan Alfaro scores Phil Knox to second
|
|
Batting: RHB Leon Edwards
|
0-0: Ball 1-0: Swinging Strike 1-1: Ball 2-1: Foul Ball, location: 2F 2-2: Ball 3-2: Base on Balls
|
|
Batting: RHB Marcus Carter
|
0-0: Fielders Choice at 2nd, 4-6 (Groundball, 4M, EV 84.4 MPH) Phil Knox to third
|
|
Batting: RHB Jake Mitchell
|
0-0: Ball 1-0: Ball 2-0: Ball 3-0: Base on Balls Marcus Carter to second
|
|
Batting: RHB Robby Adair
|
0-0: SINGLE (Groundball, 56D, EV 110.0 MPH) Phil Knox scores Marcus Carter to third Jake Mitchell to second Throwing error, E7 Marcus Carter scores Jake Mitchell to third Robby Adair to second
|
|
Batting: RHB Josh Mauer
|
0-0: Ball 1-0: SINGLE (Groundball, 5S, EV 64.4 MPH) (infield hit) Jake Mitchell scores Robby Adair to third
|
|
Batting: LHB Matt Calitri
|
0-0: Foul Ball, location: 2F 0-1: Ground out 6-3 (Groundball, 4MS, EV 68.8 MPH)
|
| Top of the 7th over - 4 runs, 3 hits, 2 errors, 2 left on base; Williamsport 10 - Brooklyn 0 |
| BOTTOM OF THE 7TH |
|
Brooklyn Cyclones batting - Pitching for Williamsport Crosscutters : RHP Josh Thorne
|
|
Pitching: RHP Matt Gray
|
|
|
Batting: RHB Mike Mathews
|
0-0: Foul Ball, location: 2F 0-1: Swinging Strike 0-2: Foul Ball, location: 2F 0-2: Ball 1-2: Foul Ball, location: 2F 1-2: Strikes out looking
|
|
Batting: SHB Harrison Feist
|
0-0: Ball 1-0: Called Strike 1-1: Swinging Strike 1-2: Strikes out swinging
|
|
Batting: RHB Matt Tittle
|
0-0: Swinging Strike 0-1: Ground out 6-3 (Groundball, 6S, EV 78.1 MPH)
|
| Bottom of the 7th over - 0 runs, 0 hits, 0 errors, 0 left on base; Williamsport 10 - Brooklyn 0 |
| TOP OF THE 8TH |
|
Williamsport Crosscutters batting - Pitching for Brooklyn Cyclones : RHP Danny Helm
|
|
Batting: RHB Josh Baker
|
0-0: Foul Ball, location: 2F 0-1: Swinging Strike 0-2: Strikes out swinging
|
|
Batting: RHB Bryan Alfaro
|
0-0: Foul Ball, location: 2F 0-1: SINGLE (Groundball, 6MD, EV 94.4 MPH)
|
|
Batting: RHB Phil Knox
|
0-0: Fielders Choice at 2nd, 6-4 (Groundball, 6, EV 80.0 MPH)
|
|
Batting: RHB Leon Edwards
|
0-0: Called Strike 0-1: Foul Ball, location: 2F 0-2: Foul Ball, location: 2F 0-2: Ball 1-2: Strikes out swinging
|
| Top of the 8th over - 0 runs, 1 hit, 0 errors, 1 left on base; Williamsport 10 - Brooklyn 0 |
| BOTTOM OF THE 8TH |
|
Brooklyn Cyclones batting - Pitching for Williamsport Crosscutters : RHP Matt Gray
|
|
Batting: RHB Mike Patterson
|
0-0: Ball 1-0: Swinging Strike 1-1: Foul Ball, location: 2F 1-2: Hit by Pitch
|
|
Batting: RHB Marvin Merino
|
0-0: Bunted foul 0-1: Sac Bunt to 13 - play at first, batter OUT! 1-4 Mike Patterson to second
|
|
Batting: RHB Brad Brown
|
0-0: Ball 1-0: Foul Ball, location: 2F 1-1: Called Strike 1-2: Strikes out swinging
|
|
Batting: RHB Barney Pederson
|
0-0: Foul Ball, location: 2F 0-1: Ball 1-1: Ground out 5-3 (Groundball, 5, EV 91.9 MPH)
|
| Bottom of the 8th over - 0 runs, 0 hits, 0 errors, 1 left on base; Williamsport 10 - Brooklyn 0 |
| TOP OF THE 9TH |
|
Williamsport Crosscutters batting - Pitching for Brooklyn Cyclones : RHP Danny Helm
|
|
Batting: RHB Marcus Carter
|
0-0: Ball 1-0: Ground out 5-3 (Groundball, 15, EV 76.9 MPH)
|
|
Batting: RHB Jake Mitchell
|
0-0: Ground out 6-3 (Groundball, 6, EV 88.8 MPH)
|
|
Batting: RHB Robby Adair
|
0-0: TRIPLE (Groundball, 5L, EV 104.4 MPH)
|
|
Batting: RHB Josh Mauer
|
0-0: SINGLE (Groundball, 56S, EV 65.6 MPH) (infield hit) Robby Adair scores
|
|
Batting: LHB Matt Calitri
|
0-0: Ball 1-0: Ball 2-0: Ball 3-0: Base on Balls Josh Mauer to second
|
|
Batting: RHB Josh Baker
|
0-0: Swinging Strike 0-1: DOUBLE (Flyball, 89D, EV 111.2 MPH) Josh Mauer scores Matt Calitri to third Runner from 3rd tries for Home, SAFE, no throw by CF
|
|
Batting: RHB Bryan Alfaro
|
0-0: Foul Ball, location: 2F 0-1: Called Strike 0-2: Ball 1-2: Ball 2-2: Strikes out swinging
|
| Top of the 9th over - 3 runs, 3 hits, 0 errors, 1 left on base; Williamsport 13 - Brooklyn 0 |
| BOTTOM OF THE 9TH |
|
Brooklyn Cyclones batting - Pitching for Williamsport Crosscutters : RHP Matt Gray
|
|
Batting: RHB Tyler Lybrand
|
0-0: Called Strike 0-1: Swinging Strike 0-2: Ball 1-2: Strikes out looking
|
|
Batting: RHB Darwin Mills
|
0-0: Ball 1-0: Called Strike 1-1: Swinging Strike 1-2: Strikes out swinging, 2-3 out at first.
|
|
Batting: RHB Mike Mathews
|
0-0: Foul Ball, location: 2F 0-1: Called Strike 0-2: Strikes out swinging
|
| Bottom of the 9th over - 0 runs, 0 hits, 0 errors, 0 left on base; Williamsport 13 - Brooklyn 0 |
|